 Dungeon Crawl Stone Soup version 0.18.1-48-g4cf74bf (webtiles) character file.

1922 Ladykiller69 the Cleaver (level 9, -1/65 HPs)
             Began as a Formicid Fighter on Sept 3, 2016.
             Was a Follower of Cheibriados.
             Slain by a salamander stormcaller
             ... wielding a +2 vampiric spear
              (27 damage)
             ... on level 7 of the Dungeon.
             The game lasted 00:13:38 (5567 turns).

Ladykiller69 the Cleaver (Formicid Fighter)         Turns: 5567, Time: 00:13:38

Health: -1/65      AC: 11    Str: 26    XL:     9   Next: 39%
Magic:  9/9        EV: 10    Int: 10    God:    Cheibriados [*.....]
Gold:   212        SH: 12    Dex: 12    Spells: 0 memorised, 8 levels left

rFire  . . .     SeeInvis +     a - +0 war axe
rCold  . . .     Gourm    .     D - +1 ring mail of Beenal {+Fly}
rNeg   . . .     Faith    .     c - +0 shield
rPois  .         Spirit   .     (helmet unavailable)
rElec  .         Dismiss  .     (no cloak)
rCorr  .         Reflect  .     l - +0 pair of gloves
SustAt .         Harm     .     C - +2 pair of boots
MR     .....                    (no amulet)
Stlth  +.........               (no ring)
                                (no ring)

@: very slow, not resistant to hostile enchantments, very unstealthy
A: permanent stasis, dig shafts and tunnels, four strong arms, antennae 3
a: Dig, Shaft Self, Bend Time, Renounce Religion, Evoke Flight


You were on level 7 of the Dungeon.
You worshipped Cheibriados.
Cheibriados was aware of your devotion.
You were hungry.

You visited 1 branch of the dungeon, and saw 7 of its levels.

You collected 212 gold pieces.

Inventory:

Hand Weapons
 a - a +0 war axe (weapon)
 N - a +1 whip of freezing
Missiles
 G - a throwing net (quivered)
Armour
 b - a +0 scale mail
 c - a +0 shield (worn)
 l - a +0 pair of gloves (worn)
 C - a +2 pair of boots (worn)
 D - the +1 ring mail of Beenal (worn) {+Fly}
   (You found it on level 5 of the Dungeon)

   It lets you fly.
Magical Staves
 n - an uncursed staff of power {unknown}
Jewellery
 t - an uncursed amulet of regeneration {unknown}
 y - an uncursed amulet of harm {unknown}
Wands
 A - a wand of confusion (36/48)
 H - a wand of disintegration (6/24)
 O - a wand of lightning (4/15)
 Q - a wand of lightning (4/15)
Scrolls
 e - 3 scrolls of teleportation {unknown}
 h - 7 scrolls of identify {unknown}
 p - 2 scrolls of fear {unknown}
 q - 2 scrolls of blinking {unknown}
 r - 2 scrolls of noise {unknown}
 u - a scroll of enchant armour {unknown}
 w - 2 scrolls of random uselessness {unknown}
 x - 2 scrolls of amnesia {unknown}
 z - 3 scrolls of remove curse {unknown}
 J - 2 scrolls of enchant weapon {unknown}
Potions
 d - a potion of might
 g - 2 potions of brilliance {unknown}
 i - 2 potions of curing {unknown}
 j - 2 potions of agility {unknown}
 k - 2 potions of resistance {unknown}
 m - a potion of cure mutation {unknown}
 o - 2 potions of flight {unknown}
 s - a potion of berserk rage {unknown}
 v - 3 potions of heal wounds {unknown}
 E - a potion of magic {unknown}
 K - a potion of ambrosia {unknown}
 L - a potion of lignification {unknown}
 R - a potion of degeneration {unknown}
Books
 I - a book of Callings

   Spells                             Type                      Level
   a - Summon Small Mammal            Summoning                    1
   b - Call Imp                       Summoning                    2
   c - Call Canine Familiar           Summoning                    3
   d - Summon Guardian Golem          Hexes/Summoning              3
   e - Summon Lightning Spire         Summoning/Air                4
   f - Summon Ice Beast               Ice/Summoning                4
 M - a book of Party Tricks

   Spells                             Type                      Level
   a - Summon Butterflies             Summoning                    1
   b - Apportation                    Translocation                1
   c - Tukima's Dance                 Hexes                        3
   d - Alistair's Intoxication        Transmutation/Poison         5
   e - Invisibility                   Hexes                        6
Comestibles
 f - 4 bread rations
 B - 2 meat rations
 F - a slice of pizza
 P - 5 chunks of flesh


   Skills:
 - Level 4.1 Fighting
 * Level 9.3 Axes
 - Level 4.3 Armour
 + Level 8.5 Shields


You had 8 spell levels left.
You didn't know any spells.

Dungeon Overview and Level Annotations

Branches:
Dungeon (7/15)
 Temple: D:4-7

Altars:
Cheibriados
Dithmenos
Okawaru
Pakellas


Innate Abilities, Weirdness & Mutations

You are under a permanent stasis effect.
You can dig through walls and to a lower floor.
Your four strong arms can wield two-handed weapons with a shield.
You have a pair of large antennae on your head (SInv).


Message History

You closely miss the quasit.
The quasit bites you but does no damage.
You block the quasit's attack. x2
You slash the quasit!
The quasit is almost dead.
You block the quasit's attack. x2; The quasit barely misses you.
You miss the quasit.
The quasit is almost dead.
You block the quasit's attack.
The quasit claws you but does no damage.
The quasit barely misses you.
The salamander stormcaller hits you from afar with a vampiric spear.
You are engulfed in flames!!
The quasit barely misses you. You block the quasit's attack.
The quasit claws you but does no damage.
Are you sure you want to shaft yourself?
You are feeling hungry.
The salamander stormcaller hits you from afar with a vampiric spear.
You are engulfed in flames!!
You die...

##### ##.(.##
#.....# #.....#
#.....# #...#
###'### ####
#.....##...##
#@....#.....#
#(...N5..8.(()....#
##
#?....#.....#.....#
<# #####
##...##.....##...##
.# #...#
######.....# ####
.###.#.#
#..........#
.....#.#
#.......####
.#####.# #......>#
###....##>....#รท###


You could see a salamander stormcaller and a quasit.

Vanquished Creatures
  Pikel (D:4)
  An ice beast (D:6)
  A centaur (D:7)
  2 phantoms
  3 ogres
  A giant frog (D:6)
  A scorpion (D:4)
  2 howler monkeys (D:5)
  4 crimson imps
  3 hounds
  4 jellies
  Terence (D:2)
  An iguana (D:5)
  3 worker ants
  A hound skeleton (D:5)
  Robin (D:3)
  4 gnolls (D:4)
  7 adders
  An adder skeleton (D:4)
  4 worms
  2 giant geckos
  2 giant cockroaches
  13 goblins
  8 hobgoblins
  8 jackals (D:1)
  5 quokkas
  3 ball pythons
  13 bats
  5 giant newts
  8 kobolds
  5 rats
118 creatures vanquished.

Vanquished Creatures (others)
  A giant frog skeleton (D:4)
  A dart slug (D:4)
2 creatures vanquished.

Grand Total: 120 creatures vanquished

Notes
Turn   | Place    | Note
--------------------------------------------------------------
     0 | D:1      | Ladykiller69 the Formicid Fighter began the quest for the Orb.
     0 | D:1      | Reached XP level 1. HP: 18/18 MP: 1/1
    88 | D:1      | Reached XP level 2. HP: 23/24 MP: 2/2
   207 | D:1      | Reached XP level 3. HP: 13/29 MP: 3/3
   946 | D:2      | Reached skill level 3 in Axes
   946 | D:2      | Reached XP level 4. HP: 35/36 MP: 4/4
  1092 | D:2      | Noticed Terence
  1101 | D:2      | Killed Terence
  1467 | D:3      | Noticed Robin
  1485 | D:3      | Reached XP level 5. HP: 28/42 MP: 5/5
  1497 | D:3      | Killed Robin
  1573 | D:3      | Noticed an ogre
  1684 | D:3      | Found a shadowy altar of Dithmenos.
  1767 | D:4      | HP: 2/42 [poisoned by a worker ant]
  1774 | D:4      | HP: 1/42 [poisoned by a worker ant]
  2197 | D:4      | Reached XP level 6. HP: 45/48 MP: 6/6
  2238 | D:4      | Reached skill level 4 in Axes
  2447 | D:4      | Found an oddly glowing altar of Pakellas.
  2510 | D:4      | Reached skill level 5 in Shields
  2585 | D:4      | Noticed Pikel
  2585 | D:4      | Noticed a slave
  2585 | D:4      | Noticed a slave
  2589 | D:4      | Noticed a slave
  2610 | D:4      | You fall through a shaft for 2 floors!
  2829 | D:6      | Noticed an ice beast
  2833 | D:5      | Entered Level 5 of the Dungeon
  2981 | D:4      | Reached skill level 5 in Axes
  2981 | D:4      | Reached XP level 7. HP: 46/54 MP: 7/7
  3110 | D:5      | Got a faintly glowing ring mail
  3121 | D:5      | Identified the +1 ring mail of Beenal {+Fly} (You found it on level 5 of the Dungeon)
  3641 | D:5      | Reached skill level 6 in Axes
  3988 | D:6      | Found a snail-covered altar of Cheibriados.
  4027 | D:6      | Became a worshipper of Cheibriados the Contemplative
  4039 | D:6      | Reached XP level 8. HP: 31/60 MP: 8/8
  4320 | D:6      | Found an iron altar of Okawaru.
  4357 | D:6      | Reached skill level 7 in Axes
  4735 | D:4      | Killed Pikel
  4735 | D:4      | Reached skill level 8 in Axes
  4735 | D:4      | Reached XP level 9. HP: 37/65 MP: 9/9
  5290 | D:6      | Reached skill level 9 in Axes
  5548 | D:7      | Reached * piety under Cheibriados
  5563 | D:7      | Noticed a salamander stormcaller
  5567 | D:7      | Slain by a salamander stormcaller

Skill      XL: |  1  2  3  4  5  6  7  8  9 |
---------------+----------------------------+-----
Shields        | 4 5 6 8 |  8.5
Axes           | 3 5 6 8 9 |  9.3
Armour         | 4 |  4.3
Fighting       | 4 |  4.1

Action                   |  1- 3 |  4- 6 |  7- 9 || total
-------------------------+-------+-------+-------++-------
Melee: War axe           |   116 |   191 |   195 ||   502
 Abil: Dig               |     1 |     6 |       ||     7
       Shaft Self        |       |     1 |     1 ||     2
  Eat: Chunk             |       |     6 |    10 ||    16
       Pizza             |       |     1 |       ||     1
Armor: Scale mail        |    74 |    83 |     2 ||   159
       Ring mail         |       |       |    58 ||    58
Dodge: Dodged            |    42 |    65 |    62 ||   169
Block: Shield            |    83 |   106 |    90 ||   279
